AoeStats
← paulo.monteiro986

Four Lakes

507757355Analyzed
1v1 RM · 13d ago on Sep 19, 2026· 37m 18s· 2 players
Game mode
Random Map
Map size
Tiny (2 player)
Population
200
Speed
Normal
Resources
Standard
Victory
Conquest
Starting age
Dark Age
Ending age
Imperial Age
RankedLock teamsTeams togetherTeam positionsShared explorationLock speedFull tech treeHidden civsTurbo modeCheats
Victory
Defeat
🇧🇷 Franks · Brazil
884
+16
🇧🇪 Japanese · Belgium
881
-16
Big Boss Romano
8:12 Loom
10:18 Feudal Age
10:45 Fishing Lines
11:32 Horse Collar
11:39 Double-Bit Axe
18:36 Castle Age
19:28 Forging
20:12 Gillnets
21:44 Heavy Plow
22:01 Pikeman
23:19 Iron Casting
33:05 Yasama
33:25 Squires
33:11 Gambesons
33:12 Arson
34:40 Fletching
paulo.monteiro986
7:24 Loom
10:53 Feudal Age
11:45 Double-Bit Axe
16:00 Forging
19:39 Castle Age
22:57 Iron Casting
22:30 Scale Barding Armor
22:30 Husbandry
30:01 Bow Saw
Connection lost

Rejoining the realm…

Still unreachable

The connection could not be restored.

Session expired

The server has moved on; the page needs a fresh start.